 Dungeon Crawl Stone Soup version 0.31-a0-971-g75a2e9a4b4 (webtiles) character file.

Game seed: 9147777795331461080

48 BinkBink the Trooper (level 3, -1/39 HPs)
             Began as an Octopode Fighter on Oct 28, 2023.
             Succumbed to an adder's poison
             ... on level 2 of the Dungeon.
             The game lasted 00:01:23 (1217 turns).

BinkBink the Trooper (Octopode Fighter)             Turns: 1217, Time: 00:01:24

Health: -1/39      AC: 21    Str: 15    XL:     3   Next: 72%
Magic:  3/3        EV:  2    Int: 10    God:
Gold:   46         SH:  5    Dex: 13    Spells: 2/2 levels left

rFire   . .          .
                       - Unarmed
rCold   . . .        a - +0 buckler
rNeg    . . .        (helmet currently unavailable)
rPois   +            f - amulet of faith
rElec   .            (no ring)
rCorr   .            (no ring)
SInv    .            (no ring)
Will    .....        (no ring)
Stlth   +            (no ring)
HPRegen 0.26/turn    (no ring)
MPRegen 0.08/turn    (no ring)
                     (no ring)

%: faith
@: lethally poisoned (-1 -> -16), tree-form
A: stationary, stasis, torment immunity, boosted hp, almost no armour,
(amphibious), 8 rings, (camouflage 1), (gelatinous body 1), (nimble swimmer 1),
(tentacles)
a: no special abilities


You were on level 2 of the Dungeon.
You were a tree.
You visited 1 branch of the dungeon, and saw 2 of its levels.

You collected 46 gold pieces.

Inventory:

Armour
 a - a +0 buckler (worn)
Jewellery
 f - an amulet of faith (around neck)
Talismans
 l - a flux talisman
Scrolls
 c - a scroll of teleportation {unknown}
 d - 2 scrolls of enchant weapon {unknown}
 k - a scroll of identify {unknown}
Potions
 b - a potion of might
 e - a potion of brilliance {unknown}
 g - 3 potions of lignification
 h - a potion of cancellation {unknown}
 i - 2 potions of berserk rage {unknown}
 j - a potion of mutation {unknown}


   Skills:
 + Level 3.4 Fighting
 + Level 3.4 Dodging
 + Level 3.4 Shields
 + Level 2.5 Unarmed Combat
 + Level 0.1 Shapeshifting


You had 2 spell levels left.
You didn't know any spells.
Your spell library was empty.

Dungeon Overview and Level Annotations

Branches:
Dungeon (2/15)

Altars:


Innate Abilities, Weirdness & Mutations

You are a tree.
Your roots penetrate the ground, keeping you stationary.
You cannot be teleported.
You are immune to unholy pain and torment.
Your maximum health is greatly increased.
You cannot wear most types of armour.
((You are amphibious.))
You can wear up to eight rings at the same time.
((Your skin changes colour to match your surroundings (Stealth+).))
((Your rubbery body absorbs attacks. (AC +1, EV +1)))
((You are camouflaged when in or above water. (Stealth+)))
((You have tentacles for arms and can constrict up to eight enemies at once.))


Message History

You kill the hobgoblin!
You closely miss the adder. Your grab misses the adder.
Your squeeze misses the adder. The adder bites you.
You are poisoned.
The adder poisons you!
A jackal comes into view.
The adder bites you.
You are more poisoned.
The adder poisons you!
You barely miss the adder.
The jackal barks!
Your grab misses the adder.
You feel very sick.
You hear a bark!
The adder closely misses you.
You hear a bark!
You hear an angry hiss.
You barely miss the adder. You grab the adder. You constrict the adder.
You feel sick. The adder bites you.
You are more poisoned.
The adder poisons you!
You are too injured to fight recklessly!
Unknown command.
You are too injured to fight recklessly!
You are too injured to fight recklessly!
You tentacle-slap the adder.
The adder is severely wounded.
You constrict the adder.
You feel very sick. You block the jackal's attack.
A jackal comes into view.
The adder bites you.
* * * LOW HITPOINT WARNING * * *
You are more poisoned.
The adder poisons you! The jackal bites you.
* * * LOW HITPOINT WARNING * * *
The adder bites you.
* * * LOW HITPOINT WARNING * * *
It was a potion of lignification.
You turn into a tree.
Your roots penetrate the ground.
You lose your grip on the adder.
You die...

#...#...# #.#
#.#.#.#.# . #.# #
#.#.#.### #. #.#
#.#.#...# #. #.#
##..##...####..#. #.#
...#..#..#.#.....##.##
..h.###.....8.8......
.#.#Sh#..#.#.....##.##
#.##♣..####..#. #.## .
#...# #. #.## . #)#.#
#. #.# #.#.# . #.##
..#.. #... #..#..#
#.#. ##....# #<#.
#..##. #.## .. # #.##


You could see an adder and 2 jackals.

Vanquished Creatures
  2 adders (D:2)
  A dart slug (D:1)
  3 bats
  2 endoplasms
  2 giant cockroaches (D:1)
  A goblin (D:1)
  3 hobgoblins
  A quokka (D:1)
  7 ball pythons
  4 frilled lizards (D:1)
  A kobold (D:1)
  3 rats
30 creatures vanquished.

Notes
Turn   | Place    | Note
-------+----------+-------------------------------------------
     0 | D:1      | BinkBink the Octopode Fighter began the quest for the Orb.
     0 | D:1      | Reached XP level 1. HP: 16/16 MP: 1/1
   349 | D:1      | Reached XP level 2. HP: 21/21 MP: 2/2
   581 | D:1      | Found a faded altar of an unknown god.
   778 | D:2      | Reached XP level 3. HP: 26/26 MP: 3/3
  1217 | D:2      | Succumbed to an adder's poison

Illustrated notes

Levels and vault maps discovered:
D:1:      dpeg_arrival_stone_temple_mockup, layout_basic,
          shapermc_ecumenical_altar_mp_urbaneastern, serial_bayou_pond_c
D:2:      wad_crossroads, layout_basic, dk_noncrumbling_2, grunt_ministairs_13,
          minmay_misc_feat_plants

Action                     || total
---------------------------++-------
  Melee: Unarmed           ||    63
         Constrict         ||    18
         Tentacles         ||    13
    Use: Potion            ||     1
   Stab: Sleeping          ||     7
 Armour: Skin              ||    21
  Dodge: Dodged            ||    29
  Block: Buckler           ||    11

Table legend: (Time is in decaauts)
 A = Elapsed time spent in this place.
 B = Non-inter-level travel time spent in this place.
 C = Inter-level travel time spent in this place.
 D = Time resting spent in this place.
 E = Time spent auto-exploring this place.
 F = Levels seen in this place.
 G = Mean time per level.
                   A        B        C        D        E       F      G
               +--------+--------+--------+--------+--------+-----+--------+
         Total |   1216 |   1160 |     56 |      0 |    963 |   2 |  608.0 |
       Dungeon |   1216 |   1160 |     56 |      0 |    963 |   2 |  608.0 |
               +--------+--------+--------+--------+--------+-----+--------+

Top non-repeatable levels by time:
     D:1: 761 daAuts
     D:2: 455 daAuts
